Unix NetHack Version 3.7.0-80 Work-in-progress - last build Mar 20 2023 14:09:10 (4d3a4a9e917c0f86d3594936c235e576342b1c4a,branch:master). Game began 2023-03-24 22:20:13, ended 2023-03-24 22:40:17. 9629, chaotic male elven Wizard ---------------- |..>........rrr. ----- -------- ##-...........@@.| |.... |.../..!. ##|.............r|# # # |...| |.... #|...............######..<.| | #----------------# |...| #####*############ |...| ----- 9629 the Conjurer St:9 Dx:15 Co:16 In:15 Wi:11 Ch:9 Chaotic Dlvl:7 $:168 HP:0(39) Pw:5(48) AC:7 Xp:5/183 T:2760 Latest messages: The spell hits the wererat! In what direction? The spell hits the wererat! The wererat hits! You don't have enough energy to cast that spell. You miss the wererat. The wererat changes into a rat. The wererat just misses! You miss the wererat. The wererat bites! You miss the wererat. The wererat bites! You hit the wererat. The wererat bites! You hit the wererat. The wererat bites! You miss the wererat. The wererat bites! You miss the wererat. The wererat just misses! You miss the wererat. The wererat bites! You hit the wererat. The wererat bites! You hit the wererat. The wererat bites! You miss the wererat. The wererat just misses! You miss the wererat. The wererat bites! You hit the wererat. The wererat bites! You hit the wererat. The wererat bites! You feel feverish. You miss the wererat. The wererat bites! The wererat changes into a human. You hit the wererat. The wererat hits! You hit the wererat. The wererat summons help! A giant rat suddenly appears next to you! A sewer rat suddenly appears next to you! A sewer rat suddenly appears next to you! A giant rat suddenly appears next to you! The wererat hits! You die... Do you want your possessions identified? [ynq] (y) Do you want to see your attributes? [ynq] (y) Inventory: Coins $ - 168 gold pieces Amulets B - an uncursed amulet versus poison (being worn) Weapons O - a +0 dagger S - a +0 elven dagger t - a +0 orcish dagger Armor Q - an uncursed rotted +0 pair of gauntlets of dexterity (being worn) b - an uncursed +0 cloak of magic resistance (being worn) L - an uncursed +0 leather armor (being worn) Comestibles M - an uncursed tripe ration Scrolls N - an uncursed scroll of destroy armor E - a blessed scroll of enchant weapon P - an uncursed scroll of fire w - an uncursed scroll of food detection k - an uncursed scroll of identify j - a blessed scroll of light Potions q - an uncursed potion of confusion h - an uncursed potion of full healing H - an uncursed potion of healing g - an uncursed potion of levitation f - an uncursed potion of object detection u - a blessed potion of see invisible p - an uncursed potion of speed F - a potion of unholy water Rings I - a cursed ring of aggravate monster e - an uncursed +1 ring of protection d - an uncursed ring of slow digestion (on right hand) Wands c - a wand of light (0:11) y - a wand of locking (0:7) J - a wand of polymorph (0:7) Tools n - an uncursed tooled horn s - an uncursed towel 9629 the Wizard's attributes: Background: You were a Conjurer, a level 5 male elven Wizard. You were chaotic, nominally on a mission for Anhur who was opposed by Ptah (lawful) and Thoth (neutral). You were in the Dungeons of Doom, on level 7. You entered the dungeon 2760 turns ago. It was nighttime. There was a new moon in effect when your adventure ended. You had 183 experience points, 137 more were needed to attain level 6. Basics: You had 0 out of 39 hit points. You had 5 out of 48 energy points (spell power). Your armor class was 7. Your wallet contained 168 zorkmids. Autopickup was off. Final Characteristics: Your strength was 9 (limit:18). Your dexterity was 15 (peak:16, limit:18). Your constitution was 16 (limit:16). Your intelligence was 15 (limit:20). Your wisdom was 11 (limit:20). Your charisma was 9 (limit:18). Final Status: You were not hungry. You were unencumbered. You were empty handed. You were unskilled in bare handed combat. Final Attributes: You were piously aligned. You were magic-protected. You were sleep resistant. You were poison resistant. You were level-drain resistant. You had infravision. You had slower digestion. You were warded. You were a wererat. You were harmed by silver. You were unlucky. You are dead. Miscellaneous: You never encountered a bones level. Total elapsed playing time was 19 minutes and 6 seconds. Major events: Turn 1: 9629 the chaotic male elven Wizard entered the dungeon 994: attained the rank of Conjurer (level 3) 2760: killed by a wererat Vanquished creatures: a dingo a blue jelly a mountain nymph a rock piercer a straw golem a floating eye a dwarf 2 rothes an orc zombie 2 dwarf zombies a werejackal an iguana 3 hobbits 2 giant rats a brown mold a yellow mold a gnome zombie 4 geckos 6 jackals 4 foxes a goblin 2 sewer rats 5 grid bugs 2 bats 3 lichens 2 kobold zombies 9 newts 60 creatures vanquished. No species were genocided or became extinct. Voluntary challenges: You were an atheist. You read items or engraved 6 times. You never engraved Elbereth. You never genocided any monsters. You never polymorphed an object. You never changed form. You used no wishes. Achievements: You attained the rank of Conjurer. You entered a shop. The Dungeons of Doom: levels 1 to 8 Level 1: Some fountains. Level 2: Level 3: Level 4: Level 5: "spellbooks" Level 6: A fountain. Level 7: <- You were here. Final resting place for you, killed by a wererat. Level 8: An armor shop. Game over: ---------- / \ / REST \ / IN \ / PEACE \ / \ | 9629 | | 168 Au | | killed by a | | wererat | | | | | | 2023 | *| * * * | * _________)/\\_//(\/(/\)/\//\/|_)_______ Goodbye 9629 the Wizard... You died in The Dungeons of Doom on dungeon level 7 with 1234 points, and 168 pieces of gold, after 2760 moves. You were level 5 with a maximum of 39 hit points when you died.